 Dungeon Crawl Stone Soup version 0.18-a0-116-g2d311b1 (webtiles) character file.

191 Proton the Skirmisher (level 5, 0/50 HPs)
             Began as a Naga Fighter on Nov 17, 2015.
             Slain by Grinder (6 damage)
             ... on level 3 of the Dungeon.
             The game lasted 00:05:24 (2661 turns).

Proton the Skirmisher (Naga Fighter)                Turns: 2661, Time: 00:05:24

Health: 0/50       AC:  6    Str: 19    XL:     5   Next: 70%
Magic:  5/5        EV:  6    Int:  9    God:
Gold:   112        SH:  9    Dex: 10    Spells: 0 memorised, 4 levels left

rFire  . . .     SeeInvis +     a - +0 long sword
rCold  . . .     Clarity  .     b - +0 scale mail
rNeg   . . .     SustAt   .     c - +0 shield
rPois  +         Gourm    .     (no helmet)
rElec  .         Spirit   .     q - +0 cloak {MR+}
rCorr  .         Warding  .     (no gloves)
rMut   .         Stasis   .     (no barding)
MR     +....                    (no amulet)
Stlth  +.........               (no ring)
                                f - ring of flight

@: short of breath, very slow, somewhat resistant to hostile enchantments, very
unstealthy
A: see invisible, deformed body, poison resistance, slowness 2, slow metabolism
1, spit poison 2, AC +1
a: Spit Poison, Evoke Flight


You were on level 3 of the Dungeon.
You were not hungry.

You visited 1 branch of the dungeon, and saw 3 of its levels.

You collected 112 gold pieces.

Inventory:

Hand Weapons
 a - a +0 long sword (weapon)
Armour
 b - a +0 scale mail (worn)
 c - a +0 shield (worn)
 q - a +0 cloak of magic resistance (worn)
Jewellery
 f - a ring of flight (left hand)
Wands
 o - a wand of magic darts (6)
 p - a wand of polymorph (7)
Scrolls
 k - a scroll of remove curse {unknown}
 l - a scroll of teleportation {unknown}
 m - 3 scrolls of identify {unknown}
 n - a scroll of magic mapping {unknown}
Potions
 d - a potion of might
 g - a potion of haste {unknown}
 i - a potion of lignification {unknown}
 j - 2 potions of brilliance {unknown}
Comestibles
 e - a bread ration
 h - 2 meat rations


   Skills:
 + Level 3.7 Fighting
 + Level 2.6 Long Blades
 + Level 3.1 Armour
 + Level 1.2 Dodging
 + Level 3.4 Stealth
 + Level 3.0 Shields


You had 4 spell levels left.
You didn't know any spells.

Dungeon Overview and Level Annotations

Branches:
Dungeon (3/15)

Altars:

Annotations:
D:3 Grinder


Innate Abilities, Weirdness & Mutations

You cannot wear boots.
Your serpentine skin is tough (AC +1).
You have supernaturally acute eyesight.
Armour fits poorly on your strangely shaped body.
Your system is resistant to poisons.
You cover ground very slowly.
You have a slow metabolism.
You can spit poison.


Message History

Grinder is lightly wounded.
You block Grinder's attack.
You closely miss Grinder.
Grinder is lightly wounded.
Grinder gestures at you.
You easily resist.
You block Grinder's attack.
You closely miss Grinder.
Grinder is lightly wounded.
You have got your breath back.
Grinder hits you.
* * * LOW HITPOINT WARNING * * *
You writhe in agony.
* * * LOW HITPOINT WARNING * * *
Press: ? - help, Shift-Dir - straight line, f/p - Grinder
Aim: Grinder (lightly wounded, unusually resistant)
The splash of poison misses Grinder.
You feel slightly more hungry. Grinder hits you.
* * * LOW HITPOINT WARNING * * *
You writhe in agony.
You die...

#.# #...
#.# ##.#(#
#.# ..#...
#.# #.##.#
#.# #.##.#
#.# #.##.#
#.#
#5##.###.#
#@.......#
#.##.#####
#.##.#
#.##.#
..##.#
####.# #.#
#.# #.#


You could see Grinder.

Vanquished Creatures
  Crazy Yiuf (D:2)
  Jessica (D:2)
  Natasha (thrice) (D:2)
  6 adders
  A worm (D:2)
  2 orcs (D:3)
  A giant cockroach (D:2)
  5 goblins
  6 hobgoblins
  8 kobolds
  2 quokkas (D:2)
  8 bats
  A giant newt (D:2)
  5 rats
50 creatures vanquished.

Notes
Turn   | Place    | Note
--------------------------------------------------------------
     0 | D:1      | Proton the Naga Fighter began the quest for the Orb.
     0 | D:1      | Reached XP level 1. HP: 21/21 MP: 1/1
   271 | D:1      | Reached XP level 2. HP: 28/28 MP: 2/2
   656 | D:2      | Reached skill level 1 in Stealth
   747 | D:2      | Noticed Jessica
   844 | D:3      | Reached XP level 3. HP: 15/34 MP: 3/3
  1032 | D:2      | Killed Jessica
  1052 | D:2      | Reached XP level 4. HP: 27/42 MP: 4/4
  1071 | D:2      | HP: 1/42 [adder (3)]
  1083 | D:2      | Reached skill level 1 in Dodging
  1087 | D:2      | HP: 2/42 [poisoned by an adder]
  1724 | D:2      | Noticed Natasha
  1740 | D:2      | Killed Natasha
  1740 | D:2      | Reached XP level 5. HP: 15/49 MP: 5/5
  1935 | D:2      | Noticed Natasha
  1942 | D:2      | Killed Natasha
  2024 | D:2      | Noticed Natasha
  2038 | D:2      | Killed Natasha
  2175 | D:2      | Noticed Crazy Yiuf
  2188 | D:2      | Killed Crazy Yiuf
  2646 | D:3      | Noticed Grinder
  2646 | D:3      | Paralysed by Grinder for 4 turns
  2661 | D:3      | Slain by Grinder

Vault maps used:
D:1:      minmay_arrival_wavy_path, due_unseen_surprise
D:2:      first_bread, uniq_natasha, uniq_crazy_yiuf_cottage, uniq_jessica
D:3:      nemelex_deck, lemuel_coloured_pillars_altar, minmay_misc_feat_roman,
          uniq_grinder

Action                   |  1- 3 |  4- 6 || total
-------------------------+-------+-------++-------
Melee: Long sword        |    85 |   126 ||   211
 Abil: Spit Poison       |     5 |    17 ||    22
Evoke: Wand              |       |     2 ||     2
  Use: Potion            |       |     1 ||     1
  Eat: Fruit             |       |     1 ||     1
       Pizza             |       |     1 ||     1
       Bread ration      |       |     1 ||     1
